 Dungeon Sprint DCSS version 0.27-a0-1324-ge0d8e047f6 (webtiles) character file.

Game seed: 14119162346887582316

164 rocky1 the Blocker (level 5, -4/41 HPs)
             Began as a Formicid Fighter on June 24, 2021.
             Slain by an iguana (7 damage)
             ... in the Dungeon (Sprint IX: "|||||||||||||||||||||||||||||").
             The game lasted 00:00:34 (239 turns).

rocky1 the Blocker (Formicid Fighter)                Turns: 239, Time: 00:00:35

Health: -4/41      AC:  6    Str: 21    XL:     5   Next: 73%
Magic:  5/5        EV:  9    Int:  8    God:
Gold:   0          SH: 11    Dex: 10    Spells: 4/4 levels left

rFire    . . .     SeeInvis +   a - +0 long sword
rCold    . . .     Faith    .   c - +0 kite shield
rNeg     . . .     Spirit   .   b - +0 scale mail
rPois    .         Reflect  .   (helmet unavailable)
rElec    .         Harm     .   (no cloak)
rCorr    .         Rampage  .   (no gloves)
Will     .....                  (no boots)
Stlth    ..........             (no amulet)
HPRegen  0.13/turn              (no ring)
MPRegen  0.09/turn              (no ring)

@: no status effects
A: permanent stasis, dig shafts and tunnels, antennae 3, four strong arms
a: Dig


You were in the Dungeon.
You visited 1 branch

Inventory:

Hand Weapons
 a - a +0 long sword (weapon)
Armour
 b - a +0 scale mail (worn)
 c - a +0 kite shield (worn)
Potions
 d - a potion of might
 g - 2 potions of magic


   Skills:
 - Level 3.2 Fighting
 + Level 7.8 Long Blades
 - Level 3.2 Armour
 + Level 9.7 Shields


You had 4 spell levels left.
You didn't know any spells.
Your spell library was empty.

Dungeon Overview and Level Annotations

Branches:
Dungeon (1/1)

Altars:


Innate Abilities, Weirdness & Mutations

You cannot be hasted, slowed, berserked, paralysed or teleported.
You can dig through walls and to a lower floor.
You have a pair of large antennae on your head. (SInv)
Your four strong arms can wield two-handed weapons with a shield.


Message History

You block the black bear's attack. The black bear barely misses you.
You hit the black bear.
The black bear is severely wounded.
The black bear bites you but does no damage.
You block the black bear's attack. x2; The black bear bites you!
* * * LOW HITPOINT WARNING * * *
The black bear closely misses you.
The black bear claws you but does no damage.
You slash the black bear!
You kill the black bear!
Your Long Blades skill gained 2 levels and is now at level 7!
Your Shields skill gained 2 levels and is now at level 9!
You have reached level 5!
Unknown command.
You hit the iguana.
The iguana is moderately wounded.
You block the iguana's attack.
You hit the iguana.
The iguana is heavily wounded.
The iguana bites you.
* * * LOW HITPOINT WARNING * * *
You closely miss the iguana.
The iguana is heavily wounded.
The iguana bites you but does no damage.
You hit the iguana but do no damage.
The iguana is heavily wounded.
You block the iguana's attack.
You hit the iguana.
The iguana is heavily wounded.
You block the iguana's attack.
You hit the iguana.
The iguana is heavily wounded.
You block the iguana's attack.
You completely miss the iguana.
The iguana is heavily wounded.
The iguana barely misses you.
You hit the iguana.
The iguana is severely wounded.
The iguana bites you!
You die... ▓▓▓▓▓▓▓▓▓▓▓▓▓▓▓▓▓▓ ▓<...÷....@lZ....+ ▓▓▓▓▓▓▓▓▓▓▓▓▓▓▓▓▓▓

You could see an iguana and a ball python skeleton.

Vanquished Creatures
  A black bear (D)
  A scorpion (D)
  An orc (D)
  A ball python (D)
  An endoplasm (D)
  A jackal (D)
  2 rats (D)
8 creatures vanquished.

Notes
Turn   | Place    | Note
-------+----------+-------------------------------------------
     0 | D        | rocky1 the Formicid Fighter began the quest for the Orb.
     0 | D        | Reached XP level 1. HP: 18/18 MP: 1/1
     7 | D        | Reached skill level 4 in Shields
   213 | D        | Noticed a scorpion
   213 | D        | Noticed a black bear
   213 | D        | Noticed an iguana
   215 | D        | Reached XP level 2. HP: 21/24 MP: 2/2
   223 | D        | Killed a scorpion
   224 | D        | Reached skill level 5 in Long Blades
   224 | D        | Reached skill level 7 in Shields
   224 | D        | Reached XP level 3. HP: 5/29 MP: 3/3
   224 | D        | Reached XP level 4. HP: 7/35 MP: 4/4
   231 | D        | Killed a black bear
   232 | D        | Reached skill level 9 in Shields
   232 | D        | Reached XP level 5. HP: 5/41 MP: 5/5
   239 | D        | Slain by an iguana

Illustrated notes

Levels and vault maps discovered:
D:        linesprint [early_d, line_temple, items_1, d_10, items_2, lair_1,
          lair_end, items_3, orc_1, orc_end, items_4, d_15, swamp_1, shoals_1,
          snake_1, spider_1, d_20, vaults_1, items_5, swamp_end, shoals_end,
          snake_end, spider_end, vaults_end, d_27, items_6, zot_1, zot_end,
          crypt_end, forest_end, elf_end, slime_end, tomb_end, abyss_end,
          pan_hell_end]

Skill      XL: |  1  2  3  4 |
---------------+-------------+-----
Shields        | 4 7 9 |  9.7
Long Blades    | 3 5 7 |  7.8
Fighting       | |  3.2
Armour         | |  3.2

Action                   |  1- 3 |  4- 6 || total
-------------------------+-------+-------++-------
Melee: Long sword        |    26 |    14 ||    40
  Use: Potion            |       |     2 ||     2
Armor: Scale mail        |    14 |     4 ||    18
Dodge: Dodged            |     8 |     8 ||    16
Block: Kite shield       |    10 |    12 ||    22
       Rpst.: Long sword |     2 |       ||     2

Table legend: (Time is in decaauts)
 A = Elapsed time spent in this place.
 B = Non-inter-level travel time spent in this place.
 C = Inter-level travel time spent in this place.
 D = Time resting spent in this place.
 E = Time spent auto-exploring this place.
 F = Levels seen in this place.
 G = Mean time per level.
                   A        B        C        D        E       F      G
               +--------+--------+--------+--------+--------+-----+--------+
         Total |    251 |    251 |      0 |    187 |      0 |   1 |  251.0 |
       Dungeon |    251 |    251 |      0 |    187 |      0 |   1 |  251.0 |
               +--------+--------+--------+--------+--------+-----+--------+

Top non-repeatable levels by time:
       D: 251 daAuts
